Map: [ESL] Hard Lead

Players

Stats

  • Race: Protoss Protoss
  • Spawn Location: 11:00

SHIN - Winner!

  • Race: Zerg Zerg
  • Spawn Location: 5:00

Event: IEM Katowice 2024

VOD

Have the link to the VOD?

Description

Time

  • Played on: Feb. 9, 2024, 5:10 a.m.
  • Length: 9:48

All games in this series

Show
View Real Time Build Order
Export as new Build Order

Stats Protoss 

Build Orders: Oracle Opening 

Get SALT Encoding   

  12  0:00  Probe  
  13  0:12  Probe  
  14  0:20  Pylon  
  14  0:24  Probe  
  15  0:38  Probe (Chrono Boost)  
  15  0:41  Gateway  
  16  0:48  Probe (Chrono Boost)  
  17  0:52  Probe (Chrono Boost)  
  18  0:57  Assimilator  
  18  1:04  Probe  
  19  1:16  Probe  
  20  1:28  Cybernetics Core  
  20  1:34  Probe  
  20  1:35  Pylon  
  21  2:01  Nexus  
  21  2:05  Adept (Chrono Boost)  
  23  2:14  Assimilator  
  23  2:17  Probe  
  24  2:26  Adept (Chrono Boost)  
  26  2:30  Probe  
  27  2:42  Probe  
  28  2:48  Stargate  
  28  2:52  Adept  
  28  2:55  Probe  
  31  3:00  Pylon  
  31  3:01  Warp Gate  
  31  3:13  Probe (Chrono Boost)  
  31  3:18  Probe (Chrono Boost)  
  33  3:22  Probe (Chrono Boost)  
  35  3:27  Probe x2 (Chrono Boost)  
  35  3:29  Adept  
  35  3:30  Oracle (Chrono Boost)  
  41  3:39  Probe x2  
  43  3:46  Gateway  
  43  3:51  Probe x2  
  41  4:01  Oracle (Chrono Boost)  
  44  4:03  Probe x2  
  46  4:15  Probe x2  
  48  4:18  Nexus  
  48  4:23  Pylon  
  46  4:27  Probe  
  46  4:28  Probe  
  48  4:33  Pylon  
  48  4:35  Oracle (Chrono Boost)  
  51  4:42  Pylon  
  51  4:44  Probe x2  
  53  4:51  Adept x2  
  57  4:54  Assimilator  
  57  4:56  Assimilator  
  57  4:58  Probe x2  
  59  5:11  Probe x2  
  59  5:13  Adept x2  
  63  5:23  Probe (Chrono Boost)  
  63  5:25  Forge  
  63  5:26  Twilight Council  
  60  5:30  Probe x2 (Chrono Boost)  
  60  5:34  Stalker x2  
  67  5:35  Probe (Chrono Boost)  
  67  5:40  Probe x2 (Chrono Boost)  
  69  5:44  Shield Battery  
  69  5:51  Probe x2  
  69  5:52  Probe  
  69  5:56  Robotics Facility  
  72  5:58  Pylon  
  72  5:59  Assimilator  
  72  6:01  Stalker x2  
  72  6:02  Assimilator  
  76  6:06  Probe x3  
  76  6:07  Protoss Ground Weapons Level 1  
  76  6:08  Blink  
  79  6:12  Pylon  
  79  6:18  Probe x3  
  79  6:20  Gateway  
  79  6:22  Gateway  
  82  6:30  Probe  
  83  6:38  Stalker x2  
  83  6:39  Probe x2  
  89  6:42  Pylon, Probe  
  89  6:44  Observer  
  91  6:47  Robotics Bay  
  91  6:50  Gateway  
  91  6:51  Gateway  
  91  6:53  Probe  
  91  6:54  Probe  
  93  7:02  Warp Prism (Chrono Boost)  
  93  7:04  Stalker, Pylon  
  93  7:06  Photon Cannon  
  93  7:07  Pylon  
  97  7:10  Pylon  
  97  7:17  Stalker  
  97  7:18  Stalker x2  
  103  7:33  Colossus (Chrono Boost)  
  103  7:35  Adept  
  111  7:38  Extended Thermal Lance  
  111  7:41  Gateway  
  111  7:42  Gateway  
  111  7:45  Stalker x4  
  111  7:48  Pylon  
  119  7:58  Stalker  
  119  7:59  Stalker  
  119  8:02  Pylon  
  119  8:04  Pylon  
  122  8:16  Colossus (Chrono Boost)  
  118  8:26  Stalker x5  
  118  8:27  Shield Battery  
  134  8:28  Photon Cannon  
  134  8:29  Stalker  
  136  8:42  Shield Battery  
  136  8:43  Photon Cannon  
  136  8:49  Pylon x2  
  136  8:56  Colossus (Chrono Boost)  
  136  8:57  Templar Archives  
  142  9:09  Stalker  
  142  9:10  Stalker x3  
  128  9:19  Stalker  
  128  9:20  Stalker x2  
  119  9:29  Stalker  
  101  9:38  Zealot x4  
Show
View Real Time Build Order
Export as new Build Order

SHIN Zerg - Winner!

Build Orders: Hatch First, Roach Hydra 

Get SALT Encoding   

  12  0:00  Drone  
  13  0:07  Drone  
  14  0:16  Overlord  
  14  0:35  Drone x2  
  16  0:50  Hatchery  
  16  0:51  Drone  
  16  0:55  Drone  
  17  0:59  Drone  
  18  1:09  Extractor  
  17  1:14  Spawning Pool  
  17  1:16  Drone  
  17  1:20  Drone  
  18  1:28  Drone  
  19  1:38  Hatchery  
  19  1:40  Drone  
  20  1:56  Drone  
  20  1:59  Hatchery  
  20  2:06  Queen  
  22  2:14  Overlord  
  22  2:20  Metabolic Boost  
  22  2:35  Zergling x2  
  22  2:36  Drone x2  
  25  2:42  Queen  
  27  2:47  Zergling x2  
  28  2:55  Queen  
  28  2:57  Overlord  
  30  3:00  Zergling x2  
  30  3:04  Drone  
  32  3:09  Zergling x2  
  33  3:15  Zergling x6  
  33  3:17  Drone  
  33  3:18  Drone  
  38  3:21  Drone  
  38  3:24  Extractor  
  38  3:25  Drone  
  39  3:28  Drone  
  39  3:32  Drone  
  39  3:33  Drone  
  42  3:36  Drone  
  43  3:42  Drone  
  43  3:43  Drone  
  43  3:44  Drone  
  43  3:47  Drone  
  45  3:48  Drone  
  45  3:50  Drone  
  45  3:54  Drone x2  
  48  4:00  Overlord  
  48  4:02  Drone, Spore Crawler  
  48  4:04  Drone  
  48  4:06  Spore Crawler  
  48  4:07  Drone  
  49  4:10  Drone  
  49  4:12  Overlord  
  49  4:16  Overlord  
  49  4:18  Drone  
  49  4:19  Drone  
  49  4:20  Drone  
  49  4:21  Drone  
  49  4:23  Drone  
  53  4:24  Drone  
  53  4:27  Queen  
  53  4:29  Drone  
  57  4:31  Spore Crawler  
  57  4:36  Zergling x8  
  57  4:38  Zergling x2  
  61  4:40  Zergling x2  
  61  4:41  Zergling x2, Extractor  
  61  4:44  Queen  
  64  4:50  Zergling x4  
  64  4:52  Overlord  
  66  4:53  Queen  
  66  4:56  Drone x2  
  66  4:58  Drone  
  71  5:01  Drone x2  
  71  5:02  Drone  
  71  5:03  Drone  
  71  5:05  Drone  
  74  5:08  Extractor  
  74  5:10  Roach Warren  
  74  5:13  Drone x2  
  74  5:14  Drone  
  74  5:16  Drone  
  74  5:19  Drone x2  
  74  5:20  Drone  
  77  5:24  Lair  
  77  5:25  Drone  
  77  5:26  Drone  
  78  5:32  Drone x4  
  82  5:36  Evolution Chamber  
  82  5:38  Overlord  
  82  5:39  Overlord  
  82  5:40  Drone  
  80  5:43  Overlord  
  80  5:44  Overlord  
  80  5:46  Overlord  
  80  5:50  Overlord  
  80  5:52  Extractor, Overlord  
  80  5:55  Overlord  
  80  5:56  Extractor x2  
  80  5:57  Drone x2  
  79  6:00  Drone x2  
  79  6:03  Drone x3  
  83  6:05  Drone  
  83  6:08  Zerg Missile Weapons Level 1, Drone  
  85  6:19  Hatchery  
  85  6:22  Glial Reconstitution  
  85  6:25  Zergling x2, Roach x3  
  91  6:30  Drone  
  91  6:32  Zergling x2, Roach  
  95  6:33  Zergling x2, Hydralisk Den  
  95  6:39  Zergling x4, Roach x2  
  100  6:45  Overlord  
  100  6:48  Drone x2  
  100  6:50  Overlord  
  102  6:59  Overlord  
  102  7:02  Hydralisk x6, Grooved Spines  
  114  7:09  Hydralisk x3  
  114  7:14  Overseer  
  119  7:16  Hydralisk x3  
  125  7:23  Zergling x4, Roach  
  129  7:30  Zergling x10, Roach  
  129  7:33  Overseer  
  129  7:34  Overlord  
  129  7:36  Hydralisk  
  136  7:37  Roach  
  136  7:40  Roach x2  
  148  7:44  Zergling x2, Roach x2  
  148  7:47  Overlord  
  148  7:49  Zergling x2, Roach  
  151  7:52  Muscular Augments  
  151  7:53  Overlord  
  151  7:56  Zergling x6, Roach  
  156  7:59  Ravager x3  
  156  8:00  Ravager x2  
  156  8:05  Zergling x6, Roach  
  162  8:13  Zergling x12, Roach  
  162  8:19  Roach x2  
  177  8:20  Roach x2  
  177  8:25  Zergling x10  
  182  8:32  Zergling x4, Roach  
  186  8:41  Zergling x10, Roach  
  184  8:45  Zergling x6  
  184  8:47  Infestation Pit  
  186  8:48  Roach  
  186  8:49  Zergling x2, Roach  
  186  8:50  Overlord  
  191  8:56  Overlord  
  191  8:58  Overlord x2  
  191  9:00  Drone  
  191  9:01  Drone  
  191  9:02  Drone x2  
  190  9:03  Drone  
  190  9:04  Drone  
  190  9:08  Drone x2  
  188  9:14  Lurker Den  
  178  9:18  Zergling x12, Roach  
  169  9:26  Roach x2  
  169  9:27  Roach x2  
  173  9:31  Overseer  

Tags
 
Add a new tag
Caveats
  • Supply blocks, unpowered buildings, or Contaminate may cause inaccurate times.
  • Supply counts are checked every 10 seconds.